Jets vs Avalanche

Created - March 23, 2017 at 17:47

Goals
1 2 3 T
Jets 1 1 2 4
Avalanche 2 0 0 2
Shots
1 2 3 T
Jets 15 12 17 44
Avalanche 15 6 6 27

1st period

1. Avalanche , Mats Zuccarello 29 (Kevin Bieksa, Max Domi) at 0:22
2. Jets , Nick Holden 5 (Mike Cammalleri, Mika Zibanejad) at 1:33
3. Avalanche , Jeff Skinner 31 (Jaccob Slavin, Matt Cullen) at 9:34

Penalties :
Tomas Hertl (COL) for Holding (Minor) at 6:04, Radko Gudas (WPG) for Roughing (Minor) at 6:04, Jaccob Slavin (COL) for Hooking (Minor) at 17:10

2nd period

4. Jets , Jamie Benn 27 (Frans Nielsen, Jaromir Jagr) at 5:29

Penalties :
Jaromir Jagr (WPG) for Interference (Minor) at 1:29, Kevin Bieksa (COL) for Interference (Minor) at 9:44, Mika Zibanejad (WPG) for Goalie Interference (Minor) at 13:34, Jaccob Slavin (COL) for Interference (Minor) at 14:49

3rd period

5. Jets , Jaromir Jagr 26 (Jamie Benn, Frans Nielsen) at 3:50
6. Jets , Nick Holden 6 (Jamie Benn, Hampus Lindholm) at 8:46 (PP)

Penalties :
Jake Allen (COL) for Slashing (Minor) at 8:38 - Kevin Bieksa served the penalty., Martin Hanzal (COL) for Holding (Minor) at 16:56, Ben Lovejoy (WPG) for Interference (Minor) at 16:56

Goalie Stats

Anders Nilsson (WPG), 25 saves from 27 shots - (0.926), W, 1-3-1, 60:00 minutes
Jake Allen (COL), 40 saves from 44 shots - (0.909), L, 29-11-5, 60:00 minutes

Players Stats for Jets

Player Name              G  A  P  +/- PIM S  H  SB GA TA FO     MP     PP MP  PK MP  
------------------------------------------------------------------------------------
Ben Lovejoy              0  0  0  -1  2   0  7  0  0  0  0/0    20:12   0:00   1:31 
Braydon Coburn           0  0  0   1  0   0  2  0  0  0  0/0    12:29   0:00   0:00 
Brock Nelson             0  0  0   0  0   3  1  0  0  0  0/1    14:04   0:00   0:32 
Cam Atkinson             0  0  0   0  0   2  0  0  0  0  1/3    20:08   2:10   0:26 
Frans Nielsen            0  2  2   1  0   2  3  0  0  0  14/28  19:18   2:10   0:26 
Hampus Lindholm          0  1  1   1  0   1  1  3  0  0  0/0    24:59   3:51   1:43 
Jamie Benn               1  2  3   1  0   6  4  0  0  0  1/2    21:39   3:11   2:24 
Jaromir Jagr             1  1  2   1  2   4  0  0  0  0  0/1    17:12   3:11   0:00 
Joe Colborne             0  0  0   0  0   1  0  0  0  0  0/0     4:00   0:00   0:00 
Joe Pavelski             0  0  0   0  0   5  1  0  0  0  3/10   20:22   3:11   0:00 
Jonas Brodin             0  0  0   0  0   0  0  0  0  0  0/0     0:15   0:00   0:00 
Mika Zibanejad           0  1  1   0  2   4  0  0  0  0  7/17   15:08   0:00   0:00 
Mike Cammalleri          0  1  1   0  0   8  0  0  0  0  0/4    20:16   2:10   0:17 
Nick Holden              2  0  2   1  0   5  2  0  0  0  0/0    23:24   3:51   1:43 
Radek Faksa              0  0  0   0  0   1  1  0  0  0  5/9     6:23   0:00   2:23 
Radko Gudas              0  0  0   1  2   0  1  1  0  0  0/0    17:38   1:30   1:31 
Rickard Rakell           0  0  0   0  0   1  1  0  0  0  7/17   13:32   0:00   0:00 
Tobias Enstrom           0  0  0  -1  0   1  0  0  0  0  0/0    21:01   1:30   0:00 

Players Stats for Avalanche

Player Name              G  A  P  +/- PIM S  H  SB GA TA FO     MP     PP MP  PK MP  
------------------------------------------------------------------------------------
Alexandre Burrows        0  0  0  -2  0   2  1  1  0  0  0/1    19:57   0:00   2:42 
Derek Stepan             0  0  0  -1  0   2  1  0  0  0  19/28  17:58   1:41   0:00 
Dylan Larkin             0  0  0  -1  0   2  1  0  0  0  3/7     3:21   0:00   0:00 
Jaccob Slavin            0  1  1   0  4   0  0  1  0  0  0/0    20:28   1:32   1:23 
Jeff Skinner             1  0  1   1  0   4  0  0  0  0  0/0    17:06   1:33   0:00 
Joakim Nordstrom         0  0  0  -1  0   0  1  0  0  0  1/1     6:00   0:00   2:39 
Kevin Bieksa             0  1  1  -1  2   0  3  2  0  0  0/0    20:14   0:00   2:27 
Kevin Shattenkirk        0  0  0  -1  0   1  1  4  0  0  0/0    23:57   1:33   2:14 
Martin Hanzal            0  0  0   0  2   3  2  0  0  0  15/30  21:53   1:33   2:42 
Mats Zuccarello          1  0  1   0  0   3  0  0  0  0  1/2    20:10   1:33   0:00 
Matt Cullen              0  1  1   1  0   1  1  0  0  0  15/19  15:53   0:00   2:39 
Max Domi                 0  1  1   0  0   1  0  0  0  0  0/1    17:55   1:41   0:00 
Sami Vatanen             0  0  0   0  0   0  0  1  0  0  0/0    14:11   1:41   0:00 
Tom Gilbert              0  0  0   0  0   0  0  0  0  0  0/0    14:26   0:00   0:45 
Tomas Hertl              0  0  0  -1  2   5  2  0  0  0  0/2    16:28   1:41   0:00 
Ty Rattie                0  0  0   1  0   2  0  0  0  0  0/1    13:14   0:00   0:00 
Tyson Barrie             0  0  0   0  0   0  0  1  0  0  0/0     7:11   1:41   0:00 
Willie Mitchell          0  0  0   0  0   1  2  5  0  0  0/0    19:30   0:00   3:53 

3 Stars

1 - Jamie Benn (WPG)
2 - Nick Holden (WPG)
3 - Frans Nielsen (WPG)

Power Play

Jets - 1 on 4 Attempt(s) - 25.00%
Avalanche - 0 on 2 Attempt(s) - 0.00%

Penalty Kill

Jets - 2 on 2 Attempt(s) - 100.00% - Score 0 goal in Penalty Kill
Avalanche - 3 on 4 Attempt(s) - 75.00% - Score 0 goal in Penalty Kill

Team Stat

Jets - Hits : 24 - Faceoff Wins : 38 - Blocked Shots : 4 - Penalty Minutes : 8
Avalanche - Hits : 15 - Faceoff Wins : 54 - Blocked Shots : 15 - Penalty Minutes : 12

Official

Referees : Evgeny Romasko and Kelly Sutherland
Linesman : Thor Nelson and Brandon Gawryletz

Game Notes

No Game Note

Finance

Level 1 -- Attendance: 6337 (97.49%) -- Ticket Income $646,374
Level 2 -- Attendance: 4645 (92.90%) -- Ticket Income $348,375
Level 3 -- Attendance: 2962 (84.63%) -- Ticket Income $162,910
Level 4 -- Attendance: 1812 (90.28%) -- Ticket Income $81,540
Luxury Box -- Attendance: 875 (87.50%) -- Ticket Income $175,000
Game was played at the Pepsi Center.
Total Attendance: 16631 (92.36%)
Total Ticket Income: $1,414,199
Other Income: $212,130
Total Income: $1,626,329

% Time on Ice - Jets

Lines # - Real PCT - Wanted PCT - Time Play
Normal Forward
1 - 32% - 33% - 15:09
2 - 30% - 30% - 14:02
3 - 29% - 28% - 13:32
4 - 9% - 9% - 4:00
Normal Defense
1 - 34% - 34% - 15:53
2 - 36% - 32% - 17:01
3 - 26% - 23% - 12:14
4 - 3% - 11% - 1:35
PP Forward
1 - 60% - 63% - 3:11
2 - 40% - 37% - 2:10
PP Defense
1 - 72% - 70% - 3:51
2 - 28% - 30% - 1:30
PK Forward
1 - 87% - 65% - 2:48
2 - 13% - 35% - 0:26
PK Defense
1 - 53% - 60% - 1:43
2 - 47% - 40% - 1:31
PK3 Forward
1 - 0% - 70%
2 - 0% - 30%
PK3 Defense
1 - 0% - 60%
2 - 0% - 40%
44 Forward
1 - 43% - 50% - 2:02
2 - 57% - 50% - 2:40
44 Defense
1 - 41% - 51% - 1:57
2 - 59% - 49% - 2:45
Last Minute Offensive  - 0:00
Last Minute Defensive  - 0:00
Total
Forward - 60:00
Defense - 60:00

% Time on Ice - Avalanche

Lines # - Real PCT - Wanted PCT - Time Play
Normal Forward
1 - 35% - 35% - 16:14
2 - 30% - 30% - 13:54
3 - 28% - 25% - 13:14
4 - 7% - 10% - 3:21
Normal Defense
1 - 38% - 40% - 17:48
2 - 27% - 30% - 12:30
3 - 29% - 20% - 13:41
4 - 6% - 10% - 2:44
PP Forward
1 - 48% - 50% - 1:33
2 - 52% - 50% - 1:41
PP Defense
1 - 52% - 50% - 1:41
2 - 48% - 50% - 1:33
PK Forward
1 - 50% - 50% - 2:39
2 - 50% - 50% - 2:42
PK Defense
1 - 83% - 55% - 4:27
2 - 17% - 45% - 0:54
PK3 Forward
1 - 0% - 50%
2 - 0% - 50%
PK3 Defense
1 - 0% - 60%
2 - 0% - 40%
44 Forward
1 - 49% - 50% - 2:19
2 - 51% - 50% - 2:23
44 Defense
1 - 59% - 50% - 2:46
2 - 41% - 50% - 1:56
Last Minute Offensive  - 0:00
Last Minute Defensive  - 0:00
Total
Forward - 60:00
Defense - 60:00

Play by Play

1st period


0:01 of 1st period - Mika Zibanejad wins face-off versus Martin Hanzal in neutral zone.
0:18 of 1st period - Shot by Mats Zuccarello.
0:18 of 1st period - Deflect By Max Domi.
0:18 of 1st period - Shot Misses the Net.
0:22 of 1st period - Shot by Mats Zuccarello.
0:22 of 1st period - Goal by Mats Zuccarello - Jets : 0 - Avalanche : 1.
0:23 of 1st period - Derek Stepan wins face-off versus Frans Nielsen in neutral zone.
0:23 of 1st period - Alexandre Burrows is hit by Jamie Benn and loses puck.
0:53 of 1st period - Icing by Sami Vatanen.
0:54 of 1st period - Rickard Rakell wins face-off versus Derek Stepan in Avalanche zone.
0:55 of 1st period - Shot by Cam Atkinson.
0:55 of 1st period - Deflect By Rickard Rakell.
0:55 of 1st period - Shot Misses the Net.
0:57 of 1st period - Shot by Brock Nelson.
0:57 of 1st period - Stopped by Jake Allen without a rebound.
0:58 of 1st period - Matt Cullen wins face-off versus Rickard Rakell in Avalanche zone.
1:11 of 1st period - Shot by Ty Rattie.
1:11 of 1st period - Stopped by Anders Nilsson without a rebound.
1:12 of 1st period - Mika Zibanejad wins face-off versus Dylan Larkin in Jets zone.
1:14 of 1st period - Mike Cammalleri is hit by Dylan Larkin and loses puck.
1:27 of 1st period - Shot by Joe Pavelski.
1:27 of 1st period - Shot Misses the Net.
1:31 of 1st period - Shot by Mike Cammalleri.
1:31 of 1st period - Shot Misses the Net.
1:33 of 1st period - Shot by Nick Holden.
1:33 of 1st period - Goal by Nick Holden - Jets : 1 - Avalanche : 1.
1:34 of 1st period - Radek Faksa wins face-off versus Martin Hanzal in neutral zone.
1:39 of 1st period - Shot by Joe Colborne.
1:39 of 1st period - Shot Misses the Net.
1:53 of 1st period - Shot by Kevin Shattenkirk.
1:53 of 1st period - Stopped by Anders Nilsson without a rebound.
1:54 of 1st period - Frans Nielsen wins face-off versus Ty Rattie in Jets zone.
2:46 of 1st period - Icing by Jaromir Jagr.
2:47 of 1st period - Martin Hanzal wins face-off versus Jamie Benn in Jets zone.
2:48 of 1st period - Shot by Max Domi.
2:48 of 1st period - Shot Misses the Net.
3:23 of 1st period - Icing by Hampus Lindholm.
3:24 of 1st period - Derek Stepan wins face-off versus Brock Nelson in Jets zone.
5:01 of 1st period - Shot by Joe Pavelski.
5:01 of 1st period - Stopped by Jake Allen without a rebound.
5:02 of 1st period - Frans Nielsen wins face-off versus Martin Hanzal in Avalanche zone.
5:56 of 1st period - Icing by Braydon Coburn.
5:57 of 1st period - Derek Stepan wins face-off versus Radek Faksa in Jets zone.
5:57 of 1st period - Derek Stepan is hit by Radko Gudas.
6:04 of 1st period - Minor Penalty to Tomas Hertl for Holding.
6:04 of 1st period - Minor Penalty to Radko Gudas for Roughing.
6:05 of 1st period - Derek Stepan wins face-off versus Joe Pavelski in Jets zone.
6:08 of 1st period - Shot by Derek Stepan.
6:08 of 1st period - Shot Misses the Net.
6:12 of 1st period - Shot by Derek Stepan.
6:12 of 1st period - Stopped by Anders Nilsson without a rebound.
6:13 of 1st period - Martin Hanzal wins face-off versus Frans Nielsen in Jets zone.
6:30 of 1st period - Shot by Jeff Skinner.
6:30 of 1st period - Stopped by Anders Nilsson without a rebound.
6:31 of 1st period - Derek Stepan wins face-off versus Joe Pavelski in Jets zone.
7:06 of 1st period - Shot by Derek Stepan.
7:06 of 1st period - Shot Misses the Net.
7:12 of 1st period - Shot by Derek Stepan.
7:12 of 1st period - Shot Misses the Net.
7:14 of 1st period - Shot by Willie Mitchell.
7:14 of 1st period - Stopped by Anders Nilsson without a rebound.
7:15 of 1st period - Frans Nielsen wins face-off versus Martin Hanzal in Jets zone.
8:11 of 1st period - Icing by Kevin Shattenkirk.
8:12 of 1st period - Dylan Larkin wins face-off versus Rickard Rakell in Avalanche zone.
8:25 of 1st period - Shot by Dylan Larkin.
8:25 of 1st period - Stopped by Anders Nilsson without a rebound.
8:26 of 1st period - Derek Stepan wins face-off versus Radek Faksa in Jets zone.
8:26 of 1st period - Derek Stepan is hit by Hampus Lindholm.
8:30 of 1st period - Shot by Tomas Hertl.
8:30 of 1st period - Shot Misses the Net.
8:32 of 1st period - Shot by Willie Mitchell.
8:32 of 1st period - Shot Misses the Net.
8:38 of 1st period - Shot by Tomas Hertl.
8:38 of 1st period - Stopped by Anders Nilsson without a rebound.
8:39 of 1st period - Martin Hanzal wins face-off versus Mika Zibanejad in Jets zone.
8:39 of 1st period - Mats Zuccarello is hit by Braydon Coburn and loses puck.
9:08 of 1st period - Shot by Mike Cammalleri.
9:08 of 1st period - Shot Misses the Net.
9:10 of 1st period - Shot by Mika Zibanejad.
9:10 of 1st period - Deflect By Mike Cammalleri.
9:10 of 1st period - Stopped by Jake Allen without a rebound.
9:11 of 1st period - Derek Stepan wins face-off versus Rickard Rakell in Avalanche zone.
9:22 of 1st period - Shot by Tomas Hertl.
9:22 of 1st period - Stopped by Anders Nilsson without a rebound.
9:23 of 1st period - Matt Cullen wins face-off versus Frans Nielsen in Jets zone.
9:23 of 1st period - Ty Rattie is hit by Ben Lovejoy and loses puck.
9:30 of 1st period - Shot by Matt Cullen.
9:30 of 1st period - Shot Misses the Net.
9:32 of 1st period - Shot by Jaccob Slavin.
9:32 of 1st period - Shot Misses the Net.
9:34 of 1st period - Shot by Jeff Skinner.
9:34 of 1st period - Goal by Jeff Skinner - Jets : 1 - Avalanche : 2.
9:35 of 1st period - Mika Zibanejad wins face-off versus Alexandre Burrows in neutral zone.
9:52 of 1st period - Shot by Alexandre Burrows.
9:52 of 1st period - Shot Misses the Net.
10:04 of 1st period - Shot by Alexandre Burrows.
10:04 of 1st period - Shot Misses the Net.
10:09 of 1st period - Icing by Hampus Lindholm.
10:10 of 1st period - Martin Hanzal wins face-off versus Mika Zibanejad in Jets zone.
10:15 of 1st period - Shot by Mats Zuccarello.
10:15 of 1st period - Shot Blocked by Hampus Lindholm.
10:23 of 1st period - Shot by Joe Pavelski.
10:23 of 1st period - Shot Hit the Post.
10:29 of 1st period - Shot by Mike Cammalleri.
10:29 of 1st period - Stopped by Jake Allen without a rebound.
10:30 of 1st period - Rickard Rakell wins face-off versus Matt Cullen in Avalanche zone.
10:45 of 1st period - Shot by Matt Cullen.
10:45 of 1st period - Stopped by Anders Nilsson without a rebound.
10:46 of 1st period - Martin Hanzal wins face-off versus Frans Nielsen in Jets zone.
11:01 of 1st period - Shot by Martin Hanzal.
11:01 of 1st period - Stopped by Anders Nilsson without a rebound.
11:02 of 1st period - Rickard Rakell wins face-off versus Derek Stepan in Jets zone.
12:08 of 1st period - Shot by Joe Pavelski.
12:08 of 1st period - Deflect By Mike Cammalleri.
12:08 of 1st period - Stopped by Jake Allen without a rebound.
12:09 of 1st period - Mats Zuccarello wins face-off versus Frans Nielsen in Avalanche zone.
12:22 of 1st period - Shot by Jaromir Jagr.
12:22 of 1st period - Stopped by Jake Allen without a rebound.
12:23 of 1st period - Mika Zibanejad wins face-off versus Matt Cullen in Avalanche zone.
12:26 of 1st period - Shot by Mike Cammalleri.
12:26 of 1st period - Shot Blocked by Willie Mitchell.
12:55 of 1st period - Ty Rattie is hit by Ben Lovejoy and loses puck.
13:14 of 1st period - Off-side.
13:15 of 1st period - Frans Nielsen wins face-off versus Martin Hanzal in neutral zone.
13:37 of 1st period - Shot by Jamie Benn.
13:37 of 1st period - Shot Blocked by Sami Vatanen.
13:41 of 1st period - Shot by Jamie Benn.
13:41 of 1st period - Shot Misses the Net.
13:43 of 1st period - Shot by Jaromir Jagr.
13:43 of 1st period - Shot Blocked by Jaccob Slavin.
13:55 of 1st period - Shot by Jaromir Jagr.
13:55 of 1st period - Stopped by Jake Allen without a rebound.
13:56 of 1st period - Rickard Rakell wins face-off versus Dylan Larkin in Avalanche zone.
14:04 of 1st period - Kevin Bieksa is hit by Rickard Rakell and loses puck.
14:26 of 1st period - Shot by Dylan Larkin.
14:26 of 1st period - Shot Misses the Net.
14:34 of 1st period - Shot by Dylan Larkin.
14:34 of 1st period - Stopped by Anders Nilsson without a rebound.
14:35 of 1st period - Matt Cullen wins face-off versus Mika Zibanejad in Jets zone.
14:42 of 1st period - Shot by Jeff Skinner.
14:42 of 1st period - Shot Misses the Net.
15:19 of 1st period - Shot by Mika Zibanejad.
15:19 of 1st period - Shot Blocked by Willie Mitchell.
15:43 of 1st period - Shot by Jaromir Jagr.
15:43 of 1st period - Shot Misses the Net.
15:52 of 1st period - Jaccob Slavin is hit by Nick Holden and loses puck.
16:01 of 1st period - Shot by Mats Zuccarello.
16:01 of 1st period - Stopped by Anders Nilsson without a rebound.
16:02 of 1st period - Radek Faksa wins face-off versus Derek Stepan in Jets zone.
16:02 of 1st period - Radek Faksa is hit by Alexandre Burrows.
16:37 of 1st period - Shot by Cam Atkinson.
16:37 of 1st period - Stopped by Jake Allen with a rebound.
16:39 of 1st period - Shot by Radek Faksa.
16:39 of 1st period - Stopped by Jake Allen with a rebound.
17:10 of 1st period - Minor Penalty to Jaccob Slavin for Hooking.
17:11 of 1st period - Matt Cullen wins face-off versus Joe Pavelski in Avalanche zone.
17:11 of 1st period - Matt Cullen is hit by Joe Pavelski.
17:37 of 1st period - Shot by Jaromir Jagr.
17:37 of 1st period - Shot Blocked by Willie Mitchell.
17:39 of 1st period - Shot by Nick Holden.
17:39 of 1st period - Shot Blocked by Willie Mitchell.
17:41 of 1st period - Shot by Jamie Benn.
17:41 of 1st period - Stopped by Jake Allen without a rebound.
17:42 of 1st period - Martin Hanzal wins face-off versus Mike Cammalleri in Avalanche zone.
17:42 of 1st period - Martin Hanzal is hit by Frans Nielsen.
17:54 of 1st period - Shot by Frans Nielsen.
17:54 of 1st period - Deflect By Mike Cammalleri.
17:54 of 1st period - Stopped by Jake Allen without a rebound.
17:55 of 1st period - Matt Cullen wins face-off versus Frans Nielsen in Avalanche zone.
18:14 of 1st period - Shot by Cam Atkinson.
18:14 of 1st period - Shot Misses the Net.
18:16 of 1st period - Shot by Nick Holden.
18:16 of 1st period - Stopped by Jake Allen with a rebound.
18:22 of 1st period - Shot by Frans Nielsen.
18:22 of 1st period - Shot Misses the Net.
18:28 of 1st period - Shot by Mike Cammalleri.
18:28 of 1st period - Shot Misses the Net.
18:56 of 1st period - Shot by Joe Pavelski.
18:56 of 1st period - Stopped by Jake Allen without a rebound.
18:57 of 1st period - Joe Pavelski wins face-off versus Matt Cullen in Avalanche zone.
19:22 of 1st period - Shot by Ty Rattie.
19:22 of 1st period - Stopped by Anders Nilsson without a rebound.
19:23 of 1st period - Mika Zibanejad wins face-off versus Martin Hanzal in Jets zone.
19:30 of 1st period - Shot by Mika Zibanejad.
19:30 of 1st period - Stopped by Jake Allen without a rebound.
19:31 of 1st period - Matt Cullen wins face-off versus Frans Nielsen in Avalanche zone.
19:31 of 1st period - Matt Cullen is hit by Jamie Benn.
19:36 of 1st period - Sami Vatanen is hit by Jamie Benn and loses puck.
19:53 of 1st period - Shot by Jaromir Jagr.
19:53 of 1st period - Shot Misses the Net.
Goals for this period are 1 for Jets vs 2 for Avalanche.
Shots for this period are 15 for Jets vs 15 for Avalanche.

2nd period


0:01 of 2nd period - Martin Hanzal wins face-off versus Rickard Rakell in neutral zone.
0:50 of 2nd period - Icing by Kevin Bieksa.
0:51 of 2nd period - Martin Hanzal wins face-off versus Mika Zibanejad in Avalanche zone.
1:12 of 2nd period - Shot by Mike Cammalleri.
1:12 of 2nd period - Shot Blocked by Kevin Shattenkirk.
1:14 of 2nd period - Shot by Joe Pavelski.
1:14 of 2nd period - Stopped by Jake Allen without a rebound.
1:15 of 2nd period - Frans Nielsen wins face-off versus Derek Stepan in Avalanche zone.
1:16 of 2nd period - Shot by Jamie Benn.
1:16 of 2nd period - Stopped by Jake Allen with a rebound.
1:18 of 2nd period - Shot by Frans Nielsen.
1:18 of 2nd period - Shot Misses the Net.
1:29 of 2nd period - Minor Penalty to Jaromir Jagr for Interference.
1:30 of 2nd period - Radek Faksa wins face-off versus Derek Stepan in Jets zone.
2:43 of 2nd period - Shot by Jeff Skinner.
2:43 of 2nd period - Shot Misses the Net.
2:57 of 2nd period - Shot by Martin Hanzal.
2:57 of 2nd period - Deflect By Mats Zuccarello.
2:57 of 2nd period - Stopped by Anders Nilsson with a rebound.
3:04 of 2nd period - Icing by Jaccob Slavin.
3:05 of 2nd period - Martin Hanzal wins face-off versus Radek Faksa in Avalanche zone.
3:05 of 2nd period - Martin Hanzal is hit by Radek Faksa.
4:36 of 2nd period - Mika Zibanejad is hit by Matt Cullen and loses puck.
4:53 of 2nd period - Icing by Hampus Lindholm.
4:54 of 2nd period - Derek Stepan wins face-off versus Rickard Rakell in Jets zone.
4:57 of 2nd period - Shot by Tomas Hertl.
4:57 of 2nd period - Shot Blocked by Hampus Lindholm.
5:15 of 2nd period - Icing by Kevin Shattenkirk.
5:16 of 2nd period - Frans Nielsen wins face-off versus Derek Stepan in Avalanche zone.
5:25 of 2nd period - Shot by Jamie Benn.
5:25 of 2nd period - Shot Misses the Net.
5:27 of 2nd period - Shot by Frans Nielsen.
5:27 of 2nd period - Shot Misses the Net.
5:29 of 2nd period - Shot by Jamie Benn.
5:29 of 2nd period - Goal by Jamie Benn - Jets : 2 - Avalanche : 2.
5:30 of 2nd period - Rickard Rakell wins face-off versus Martin Hanzal in neutral zone.
5:49 of 2nd period - Shot by Willie Mitchell.
5:49 of 2nd period - Shot Misses the Net.
6:09 of 2nd period - Shot by Cam Atkinson.
6:09 of 2nd period - Shot Misses the Net.
6:19 of 2nd period - Nick Holden is hit by Martin Hanzal and loses puck.
7:47 of 2nd period - Shot by Alexandre Burrows.
7:47 of 2nd period - Stopped by Anders Nilsson without a rebound.
7:48 of 2nd period - Dylan Larkin wins face-off versus Mika Zibanejad in Jets zone.
7:55 of 2nd period - Shot by Alexandre Burrows.
7:55 of 2nd period - Shot Misses the Net.
8:05 of 2nd period - Shot by Mike Cammalleri.
8:05 of 2nd period - Shot Misses the Net.
8:07 of 2nd period - Shot by Joe Pavelski.
8:07 of 2nd period - Shot Misses the Net.
8:09 of 2nd period - Shot by Mike Cammalleri.
8:09 of 2nd period - Shot Blocked by Kevin Shattenkirk.
8:11 of 2nd period - Shot by Tobias Enstrom.
8:11 of 2nd period - Stopped by Jake Allen without a rebound.
8:12 of 2nd period - Cam Atkinson wins face-off versus Martin Hanzal in Avalanche zone.
8:32 of 2nd period - Cam Atkinson is hit by Martin Hanzal and loses puck.
9:02 of 2nd period - Icing by Hampus Lindholm.
9:03 of 2nd period - Derek Stepan wins face-off versus Radek Faksa in Jets zone.
9:04 of 2nd period - Shot by Tomas Hertl.
9:04 of 2nd period - Shot Blocked by Hampus Lindholm.
9:06 of 2nd period - Shot by Alexandre Burrows.
9:06 of 2nd period - Stopped by Anders Nilsson without a rebound.
9:07 of 2nd period - Derek Stepan wins face-off versus Frans Nielsen in Jets zone.
9:12 of 2nd period - Shot by Tomas Hertl.
9:12 of 2nd period - Stopped by Anders Nilsson without a rebound.
9:13 of 2nd period - Derek Stepan wins face-off versus Frans Nielsen in Jets zone.
9:13 of 2nd period - Derek Stepan is hit by Ben Lovejoy.
9:21 of 2nd period - Shot by Jaromir Jagr.
9:21 of 2nd period - Deflect By Jamie Benn.
9:21 of 2nd period - Shot Misses the Net.
9:35 of 2nd period - Shot by Jamie Benn.
9:35 of 2nd period - Shot Misses the Net.
9:44 of 2nd period - Minor Penalty to Kevin Bieksa for Interference.
9:45 of 2nd period - Matt Cullen wins face-off versus Frans Nielsen in Avalanche zone.
10:04 of 2nd period - Shot by Cam Atkinson.
10:04 of 2nd period - Stopped by Jake Allen without a rebound.
10:05 of 2nd period - Martin Hanzal wins face-off versus Joe Pavelski in Avalanche zone.
11:04 of 2nd period - Shot by Frans Nielsen.
11:04 of 2nd period - Stopped by Jake Allen without a rebound.
11:05 of 2nd period - Martin Hanzal wins face-off versus Cam Atkinson in Avalanche zone.
11:05 of 2nd period - Martin Hanzal is hit by Frans Nielsen.
11:15 of 2nd period - Jaccob Slavin is hit by Frans Nielsen.
12:46 of 2nd period - Shot by Mike Cammalleri.
12:46 of 2nd period - Shot Blocked by Willie Mitchell.
12:48 of 2nd period - Shot by Ben Lovejoy.
12:48 of 2nd period - Shot Misses the Net.
12:50 of 2nd period - Shot by Mike Cammalleri.
12:50 of 2nd period - Stopped by Jake Allen with a rebound.
12:52 of 2nd period - Shot by Mika Zibanejad.
12:52 of 2nd period - Stopped by Jake Allen without a rebound.
12:53 of 2nd period - Derek Stepan wins face-off versus Frans Nielsen in Avalanche zone.
13:08 of 2nd period - Shot by Tomas Hertl.
13:08 of 2nd period - The goal is going for a video replay.
13:08 of 2nd period - The goal is refused.
13:09 of 2nd period - Dylan Larkin wins face-off versus Mike Cammalleri in Jets zone.
13:09 of 2nd period - Dylan Larkin is hit by Ben Lovejoy.
13:18 of 2nd period - Dylan Larkin is hit by Ben Lovejoy and loses puck.
13:34 of 2nd period - Minor Penalty to Mika Zibanejad for Goalie Interference.
13:35 of 2nd period - Radek Faksa wins face-off versus Derek Stepan in Jets zone.
14:16 of 2nd period - Ben Lovejoy is hit by Derek Stepan and loses puck.
14:48 of 2nd period - Icing by Martin Hanzal.
14:49 of 2nd period - Frans Nielsen wins face-off versus Mats Zuccarello in Avalanche zone.
14:49 of 2nd period - Minor Penalty to Jaccob Slavin for Interference.
14:50 of 2nd period - Frans Nielsen wins face-off versus Martin Hanzal in Avalanche zone.
14:53 of 2nd period - Shot by Frans Nielsen.
14:53 of 2nd period - Shot Misses the Net.
14:55 of 2nd period - Shot by Frans Nielsen.
14:55 of 2nd period - Shot Misses the Net.
14:57 of 2nd period - Shot by Frans Nielsen.
14:57 of 2nd period - Shot Misses the Net.
15:07 of 2nd period - Shot by Mike Cammalleri.
15:07 of 2nd period - Stopped by Jake Allen without a rebound.
15:08 of 2nd period - Derek Stepan wins face-off versus Frans Nielsen in Avalanche zone.
15:42 of 2nd period - Shot by Joe Pavelski.
15:42 of 2nd period - Deflect By Jamie Benn.
15:42 of 2nd period - Stopped by Jake Allen with a rebound.
15:44 of 2nd period - Shot by Jamie Benn.
15:44 of 2nd period - Stopped by Jake Allen without a rebound.
15:45 of 2nd period - Martin Hanzal wins face-off versus Joe Pavelski in Avalanche zone.
16:12 of 2nd period - Icing by Jaromir Jagr.
16:13 of 2nd period - Martin Hanzal wins face-off versus Joe Pavelski in Jets zone.
16:27 of 2nd period - Icing by Jaromir Jagr.
16:28 of 2nd period - Joakim Nordstrom wins face-off versus Joe Pavelski in Jets zone.
16:53 of 2nd period - Shot by Max Domi.
16:53 of 2nd period - Shot Misses the Net.
16:59 of 2nd period - Shot by Max Domi.
16:59 of 2nd period - Stopped by Anders Nilsson with a rebound.
17:20 of 2nd period - Martin Hanzal is hit by Ben Lovejoy and loses puck.
17:52 of 2nd period - Joe Pavelski is hit by Kevin Bieksa and loses puck.
18:18 of 2nd period - Radko Gudas is hit by Tomas Hertl and loses puck.
18:57 of 2nd period - Shot by Jamie Benn.
18:57 of 2nd period - Shot Misses the Net.
18:59 of 2nd period - Shot by Nick Holden.
18:59 of 2nd period - Stopped by Jake Allen without a rebound.
19:00 of 2nd period - Radek Faksa wins face-off versus Matt Cullen in Avalanche zone.
19:02 of 2nd period - Cam Atkinson is hit by Willie Mitchell and loses puck.
19:14 of 2nd period - Cam Atkinson is hit by Willie Mitchell and loses puck.
19:49 of 2nd period - Jeff Skinner is hit by Nick Holden and loses puck.
Goals for this period are 1 for Jets vs 0 for Avalanche.
Shots for this period are 12 for Jets vs 6 for Avalanche.

3rd period


0:01 of 3rd period - Frans Nielsen wins face-off versus Martin Hanzal in neutral zone.
0:16 of 3rd period - Icing by Hampus Lindholm.
0:17 of 3rd period - Derek Stepan wins face-off versus Jaromir Jagr in Jets zone.
1:40 of 3rd period - Mike Cammalleri is hit by Kevin Bieksa and loses puck.
1:51 of 3rd period - Shot by Mika Zibanejad.
1:51 of 3rd period - Stopped by Jake Allen without a rebound.
1:52 of 3rd period - Matt Cullen wins face-off versus Rickard Rakell in Avalanche zone.
2:31 of 3rd period - Shot by Jeff Skinner.
2:31 of 3rd period - Stopped by Anders Nilsson without a rebound.
2:32 of 3rd period - Derek Stepan wins face-off versus Mika Zibanejad in Jets zone.
2:41 of 3rd period - Shot by Joe Pavelski.
2:41 of 3rd period - Stopped by Jake Allen without a rebound.
2:42 of 3rd period - Mika Zibanejad wins face-off versus Martin Hanzal in Avalanche zone.
3:50 of 3rd period - Shot by Jaromir Jagr.
3:50 of 3rd period - Goal by Jaromir Jagr - Jets : 3 - Avalanche : 2.
3:51 of 3rd period - Derek Stepan wins face-off versus Rickard Rakell in neutral zone.
3:54 of 3rd period - Radko Gudas is hit by Tomas Hertl and loses puck.
4:05 of 3rd period - Shot by Derek Stepan.
4:05 of 3rd period - Deflect By Tomas Hertl.
4:05 of 3rd period - Shot Misses the Net.
4:52 of 3rd period - Shot by Jaromir Jagr.
4:52 of 3rd period - Deflect By Jamie Benn.
4:52 of 3rd period - Stopped by Jake Allen without a rebound.
4:53 of 3rd period - Matt Cullen wins face-off versus Mika Zibanejad in Avalanche zone.
5:15 of 3rd period - Shot by Mika Zibanejad.
5:15 of 3rd period - Shot Misses the Net.
5:17 of 3rd period - Shot by Nick Holden.
5:17 of 3rd period - Shot Misses the Net.
5:23 of 3rd period - Shot by Mika Zibanejad.
5:23 of 3rd period - Stopped by Jake Allen without a rebound.
5:24 of 3rd period - Martin Hanzal wins face-off versus Frans Nielsen in Avalanche zone.
5:30 of 3rd period - Off-side.
5:31 of 3rd period - Derek Stepan wins face-off versus Frans Nielsen in neutral zone.
5:37 of 3rd period - Icing by Ben Lovejoy.
5:38 of 3rd period - Frans Nielsen wins face-off versus Tomas Hertl in Jets zone.
5:51 of 3rd period - Shot by Frans Nielsen.
5:51 of 3rd period - Shot Blocked by Kevin Shattenkirk.
6:10 of 3rd period - Kevin Shattenkirk is hit by Ben Lovejoy and loses puck.
6:43 of 3rd period - Max Domi is hit by Jamie Benn and loses puck.
7:16 of 3rd period - Shot by Mike Cammalleri.
7:16 of 3rd period - Shot Misses the Net.
7:18 of 3rd period - Shot by Hampus Lindholm.
7:18 of 3rd period - Stopped by Jake Allen without a rebound.
7:19 of 3rd period - Matt Cullen wins face-off versus Rickard Rakell in Avalanche zone.
7:19 of 3rd period - Matt Cullen is hit by Brock Nelson.
7:45 of 3rd period - Shot by Ty Rattie.
7:45 of 3rd period - Shot Hit the Post.
7:51 of 3rd period - Shot by Cam Atkinson.
7:51 of 3rd period - Shot Misses the Net.
7:53 of 3rd period - Shot by Brock Nelson.
7:53 of 3rd period - Stopped by Jake Allen with a rebound.
7:59 of 3rd period - Shot by Brock Nelson.
7:59 of 3rd period - Shot Misses the Net.
8:18 of 3rd period - Off-side.
8:19 of 3rd period - Derek Stepan wins face-off versus Mika Zibanejad in neutral zone.
8:38 of 3rd period - Shot by Mika Zibanejad.
8:38 of 3rd period - Deflect By Joe Pavelski.
8:38 of 3rd period - Stopped by Jake Allen without a rebound.
8:38 of 3rd period - Minor Penalty to Jake Allen for Slashing.
8:39 of 3rd period - Joe Pavelski wins face-off versus Martin Hanzal in Avalanche zone.
8:42 of 3rd period - Shot by Hampus Lindholm.
8:42 of 3rd period - Shot Misses the Net.
8:44 of 3rd period - Shot by Jamie Benn.
8:44 of 3rd period - Shot Blocked by Kevin Shattenkirk.
8:46 of 3rd period - Shot by Nick Holden.
8:46 of 3rd period - Goal by Nick Holden - Jets : 4 - Avalanche : 2.
8:47 of 3rd period - Martin Hanzal wins face-off versus Rickard Rakell in neutral zone.
9:06 of 3rd period - Shot by Rickard Rakell.
9:06 of 3rd period - Stopped by Jake Allen without a rebound.
9:07 of 3rd period - Mika Zibanejad wins face-off versus Derek Stepan in Avalanche zone.
9:36 of 3rd period - Shot by Mika Zibanejad.
9:36 of 3rd period - Shot Blocked by Alexandre Burrows.
9:38 of 3rd period - Shot by Hampus Lindholm.
9:38 of 3rd period - Shot Blocked by Kevin Bieksa.
9:40 of 3rd period - Shot by Hampus Lindholm.
9:40 of 3rd period - Shot Blocked by Kevin Bieksa.
9:42 of 3rd period - Shot by Nick Holden.
9:42 of 3rd period - Stopped by Jake Allen without a rebound.
9:43 of 3rd period - Frans Nielsen wins face-off versus Martin Hanzal in Avalanche zone.
9:50 of 3rd period - Shot by Jamie Benn.
9:50 of 3rd period - Shot Misses the Net.
9:52 of 3rd period - Shot by Ben Lovejoy.
9:52 of 3rd period - Shot Misses the Net.
10:18 of 3rd period - Shot by Jamie Benn.
10:18 of 3rd period - Deflect By Jaromir Jagr.
10:18 of 3rd period - Shot Misses the Net.
10:20 of 3rd period - Shot by Jaromir Jagr.
10:20 of 3rd period - Shot Misses the Net.
10:22 of 3rd period - Shot by Frans Nielsen.
10:22 of 3rd period - Stopped by Jake Allen with a rebound.
11:15 of 3rd period - Shot by Tomas Hertl.
11:15 of 3rd period - Shot Blocked by Radko Gudas.
11:20 of 3rd period - Derek Stepan is hit by Braydon Coburn and loses puck.
11:40 of 3rd period - Icing by Willie Mitchell.
11:41 of 3rd period - Matt Cullen wins face-off versus Mike Cammalleri in Avalanche zone.
12:13 of 3rd period - Shot by Mike Cammalleri.
12:13 of 3rd period - Stopped by Jake Allen without a rebound.
12:14 of 3rd period - Jamie Benn wins face-off versus Max Domi in Avalanche zone.
12:56 of 3rd period - Shot by Frans Nielsen.
12:56 of 3rd period - Shot Blocked by Tyson Barrie.
12:58 of 3rd period - Shot by Tobias Enstrom.
12:58 of 3rd period - Shot Misses the Net.
13:18 of 3rd period - Shot by Mike Cammalleri.
13:18 of 3rd period - Deflect By Joe Pavelski.
13:18 of 3rd period - Shot Misses the Net.
13:22 of 3rd period - Shot by Mika Zibanejad.
13:22 of 3rd period - Shot Misses the Net.
13:24 of 3rd period - Shot by Joe Pavelski.
13:24 of 3rd period - Shot Misses the Net.
13:26 of 3rd period - Shot by Mike Cammalleri.
13:26 of 3rd period - Stopped by Jake Allen without a rebound.
13:27 of 3rd period - Matt Cullen wins face-off versus Rickard Rakell in Avalanche zone.
14:05 of 3rd period - Icing by Ty Rattie.
14:06 of 3rd period - Matt Cullen wins face-off versus Mike Cammalleri in Avalanche zone.
15:34 of 3rd period - Shot by Martin Hanzal.
15:34 of 3rd period - Stopped by Anders Nilsson without a rebound.
15:35 of 3rd period - Rickard Rakell wins face-off versus Martin Hanzal in Jets zone.
16:04 of 3rd period - Shot by Mats Zuccarello.
16:04 of 3rd period - Shot Misses the Net.
16:06 of 3rd period - Shot by Martin Hanzal.
16:06 of 3rd period - Stopped by Anders Nilsson without a rebound.
16:07 of 3rd period - Matt Cullen wins face-off versus Mika Zibanejad in Jets zone.
16:08 of 3rd period - Shot by Jeff Skinner.
16:08 of 3rd period - Shot Misses the Net.
16:13 of 3rd period - Off-side.
16:14 of 3rd period - Derek Stepan wins face-off versus Mika Zibanejad in neutral zone.
16:39 of 3rd period - Shot by Derek Stepan.
16:39 of 3rd period - Shot Misses the Net.
16:41 of 3rd period - Shot by Alexandre Burrows.
16:41 of 3rd period - Deflect By Derek Stepan.
16:41 of 3rd period - Stopped by Anders Nilsson without a rebound.
16:42 of 3rd period - Frans Nielsen wins face-off versus Martin Hanzal in Jets zone.
16:56 of 3rd period - Minor Penalty to Martin Hanzal for Holding.
16:56 of 3rd period - Minor Penalty to Ben Lovejoy for Interference.
16:57 of 3rd period - Joe Pavelski wins face-off versus Tomas Hertl in Jets zone.
17:16 of 3rd period - Jamie Benn is hit by Kevin Shattenkirk and loses puck.
17:35 of 3rd period - Shot by Jeff Skinner.
17:35 of 3rd period - Stopped by Anders Nilsson with a rebound.
18:56 of 3rd period - Shot by Tomas Hertl.
18:56 of 3rd period - Stopped by Anders Nilsson without a rebound.
18:57 of 3rd period - Rickard Rakell wins face-off versus Dylan Larkin in Jets zone.
18:57 of 3rd period - Rickard Rakell is hit by Joakim Nordstrom.
19:08 of 3rd period - Shot by Brock Nelson.
19:08 of 3rd period - Stopped by Jake Allen without a rebound.
19:09 of 3rd period - Matt Cullen wins face-off versus Cam Atkinson in Avalanche zone.
19:46 of 3rd period - Shot by Joe Colborne.
19:46 of 3rd period - Stopped by Jake Allen without a rebound.
19:47 of 3rd period - Frans Nielsen wins face-off versus Dylan Larkin in Avalanche zone.
19:51 of 3rd period - Jamie Benn is hit by Kevin Bieksa.
19:53 of 3rd period - Shot by Jaromir Jagr.
19:53 of 3rd period - Stopped by Jake Allen without a rebound.
19:54 of 3rd period - Frans Nielsen wins face-off versus Derek Stepan in Avalanche zone.
19:59 of 3rd period - Shot by Jamie Benn.
19:59 of 3rd period - Deflect By Jaromir Jagr.
19:59 of 3rd period - Shot Hit the Post.
Goals for this period are 2 for Jets vs 0 for Avalanche.
Shots for this period are 17 for Jets vs 6 for Avalanche.